 Dungeon Crawl Stone Soup version 0.29.1-2-gbd0b4ee654 (webtiles) character file.

Game seed: 4410297464112772326

1024 safid the Skirmisher (level 8, 0/70 (74) HPs)
             Began as a Minotaur Hunter on Nov 12, 2022.
             Slain by a wight
             ... wielding a +0 dagger
              (6 damage)
             ... on level 6 of the Dungeon on Nov 14, 2022.
             The game lasted 00:09:38 (5409 turns).

safid the Skirmisher (Minotaur Hunter)              Turns: 5409, Time: 00:09:38

HP:   0/70 (74)     AC:  6    Str: 16    XL:     8   Next: 2%
MP:   7/7           EV: 10    Int:  6    God:
Gold: 146           SH:  0    Dex: 22    Spells: 7/7 levels left

rFire   . . .      SeeInvis .   a - +0 shortbow
rCold   + . .      Faith    .   (shield currently unavailable)
rNeg    . . .      Spirit   .   q - +0 scale mail
rPois   .          Reflect  .   (helmet restricted)
rElec   .          Harm     .   (no cloak)
rCorr   .          Rampage  .   (no gloves)
Will    .....                   (no boots)
Stlth   +.........              (no amulet)
HPRegen 0.21/turn               f - +6 ring of dexterity
MPRegen 0.10/turn               w - ring of protection from cold

@: drained
A: horns 2, retaliatory headbutt
a: no special abilities


You were on level 6 of the Dungeon.
You visited 2 branches of the dungeon, and saw 7 of its levels.

You collected 288 gold pieces.
You spent 142 gold pieces at shops.

Inventory:

Hand Weapons
 a - a +0 shortbow (weapon)
Missiles
 p - a throwing net
 y - 4 javelins
Armour
 q - a +0 scale mail (worn)
Jewellery
 f - a +6 ring of dexterity (left hand)
 w - a ring of protection from cold (right hand)
Scrolls
 b - a scroll of amnesia
 d - a scroll of fog
 e - a scroll of silence
 i - a scroll of summoning
 j - a scroll of fear
 n - 3 scrolls of enchant armour
 o - 2 scrolls of teleportation {unknown}
Potions
 c - 2 potions of attraction {unknown}
 g - a potion of haste {unknown}
 h - a potion of flight {unknown}
 k - 2 potions of invisibility {unknown}
 m - 3 potions of brilliance
 r - 2 potions of curing
 t - a potion of lignification {unknown}
 u - a potion of degeneration {unknown}
 x - a potion of might {unknown}


   Skills:
 - Level 8.0 Fighting
 + Level 8.7 Ranged Weapons
 - Level 2.1 Dodging
 - Level 0.7 Stealth


You had 7 spell levels left.
You didn't know any spells.
Your spell library contained the following spells:

 Spells                   Type           Power      Damage    Failure   Level
 Magic Dart               Conj           0%         1d3       88%         1
 Ensorcelled Hibernation  Hex/Ice        0%         N/A       96%         2
 Passwall                 Tmut/Erth      0%         N/A       96%         2
 Searing Ray              Conj           0%         2d4       96%         2
 Gell's Gravitas          Tloc           0%         N/A       99%         3
 Lesser Beckoning         Tloc           0%         N/A       99%         3
 Swiftness                Air            0%         N/A       99%         3
 Teleport Other           Tloc           0%         N/A       99%         3
 Fulminant Prism          Conj/Hex       0%         3d6       100%        4


Dungeon Overview and Level Annotations

Branches:
Dungeon (6/15)             Temple (1/1) D:5

Altars:
Ashenzari
Cheibriados
Dithmenos
Elyvilon
Fedhas
Gozag
Hepliaklqana
Kikubaaqudgha
Makhleb
Nemelex Xobeh
Qazlal
Ru
Sif Muna
Trog
Uskayaw
Vehumet
Wu Jian
Xom
Yredelemnul
Zin
The Shining One

Shops:
D:1 *   D:4 !   D:5 *


Innate Abilities, Weirdness & Mutations

You have a pair of horns on your head.
You reflexively headbutt those who attack you in melee.


Message History

You feel drained. The wight freezes you. The wight hits you but does no damage.
You shoot an arrow.
The arrow hits the wight but does no damage.
The wight is heavily damaged.
The wight hits you with a +3 morningstar of freezing!!
The wight barely misses you.
You shoot an arrow. The arrow closely misses the wight.
The wight closely misses you. You furiously retaliate!
You headbutt the wight!
You destroy the wight!
The wight hits you with a +4 flail. The wight hits you but does no damage.
The wight hits you with a +4 flail.
Your life force feels restored.
You have reached level 8!
You feel agile.
Fire: a) +0 shortbow
Press: ? - help, Q - select action, (/) - cycle Shift-Dir - straight line, f - wight
Aim: a wight, wielding a +4 flail and wearing a +0 robe (71% to hit)
You shoot an arrow. The arrow hits the wight.
The wight is moderately damaged.
The wight hits you with a +4 flail!
* * * LOW HITPOINT WARNING * * *
The wight closely misses you.
Fire: a) +0 shortbow
Press: ? - help, Q - select action, (/) - cycle Shift-Dir - straight line, f/p - wight
Aim: a wight, wielding a +4 flail and wearing a +0 robe (moderately damaged, 71% to hit)
You shoot an arrow. The arrow closely misses the wight.
The wight hits you with a +4 flail.
* * * LOW HITPOINT WARNING * * *
You feel drained.
* * * LOW HITPOINT WARNING * * *
The wight hits you with a +0 dagger.
* * * LOW HITPOINT WARNING * * *
You feel drained.
* * * LOW HITPOINT WARNING * * *
As you read the scroll labelled YTARCH SAHIEVU, it crumbles to dust.
Wisps of shadow whirl around you...
It was a scroll of summoning.
The wight closely misses you. You furiously retaliate!
You headbutt the wight, but do no damage.
The wight hits you with a +0 dagger.
You die...

..#####...##......#
..#........#......#
..#.....>..#......#
..#####..###......#
....# ####........#
....#
+........########
....#
#.....Yn........#
....#
#....Y..........#
...##
#######@#.......#
...# #.zz#.......#
...# #..O#########
##... #... ...##
...# ..!..


You could see 2 wights, a friendly ice beast (summoned), a friendly sky beast
(summoned), a friendly ogre (summoned) and a friendly necrophage (summoned).

Vanquished Creatures
  2 black bears (D:5)
  2 ice beasts (D:5)
  2 scorpions (D:5)
  2 wights (D:6)
  3 hounds
  3 iguanas (D:5)
  3 orc wizards
  3 gnolls (D:3)
  6 adders
  An ufetubus (D:5)
  A worm (D:3)
  3 dart slugs
  12 orcs
  2 bats
  3 endoplasms (D:4)
  3 giant cockroaches
  5 goblins
  7 hobgoblins
  8 jackals
  5 quokkas
  6 ball pythons
  3 frilled lizards
  2 kobolds
  6 rats
93 creatures vanquished.

Vanquished Creatures (others)
  A fungus (D:2)
1 creature vanquished.

Grand Total: 94 creatures vanquished

Notes
Turn   | Place    | Note
-------+----------+-------------------------------------------
     0 | D:1      | safid the Minotaur Hunter began the quest for the Orb.
     0 | D:1      | Reached XP level 1. HP: 18/18 MP: 0/0
   104 | D:1      | Found Teomo's General Store.
   493 | D:1      | Reached XP level 2. HP: 24/25 MP: 1/1
   742 | D:2      | Found a faded altar of an unknown god.
   817 | D:2      | Reached skill level 5 in Ranged Weapons
   817 | D:2      | Reached XP level 3. HP: 31/31 MP: 2/2
  1353 | D:3      | Found a shimmering blue altar of Sif Muna.
  1496 | D:3      | Reached XP level 4. HP: 32/40 MP: 3/3
  1945 | D:3      | Found a white marble altar of Elyvilon.
  2237 | D:3      | Reached XP level 5. HP: 36/47 MP: 4/4
  2613 | D:4      | Found Jiuluh's Distillery.
  2622 | D:4      | Bought a potion of curing for 42 gold pieces
  2622 | D:4      | Bought a potion of heal wounds for 70 gold pieces
  2680 | D:4      | Reached skill level 5 in Fighting
  2848 | D:4      | Found an opulent altar of Gozag.
  3179 | D:5      | Entered Level 5 of the Dungeon
  3443 | D:5      | Noticed an ice beast
  3453 | D:5      | Killed an ice beast
  3454 | D:5      | Reached XP level 6. HP: 29/57 MP: 5/5
  3638 | D:5      | Found a staircase to the Ecumenical Temple.
  3681 | D:5      | Reached XP level 7. HP: 18/64 MP: 6/6
  3698 | Temple   | Entered the Ecumenical Temple
  4885 | D:5      | Found Nighoshu's General Store.
  4889 | D:5      | Bought a scroll of identify for 20 gold pieces
  4889 | D:5      | Bought a scroll of noise for 10 gold pieces
  5407 | D:6      | Reached XP level 8. HP: 29/74 MP: 7/7
  5409 | D:6      | Slain by a wight

Illustrated notes

Levels and vault maps discovered:
D:1:      scummos_arrival_forest, layout_loops_cross, serial_shops, shop,
          minmay_tetromino_o2
D:2:      layout_basic, shapermc_ecumenical_altar_mp_ritualfount
D:3:      layout_loops_ring, mainiacjoe_overflow_large_starburst,
          kennysheep_crisscross
D:4:      nicolae_cairo_tiling_large, layout_gridville,
          mainiacjoe_overflow_surrounded_room, serial_shops, shop
D:5:      layout_loops_ring, minmay_temple_entry_mini_moons, serial_shops,
          nicolae_shop_advertising_works [nicolae_subvault_shop_adworks]
D:6:      black_bear_nest_2, layout_gridville
Temple:   mainiacjoe_temple_coin_purse

Skill      XL: |  1  2  3  4  5  6  7 |
---------------+----------------------+-----
Fighting       | 3 4 5 6 8 |  8.0
Ranged Weapons | 5 6 7 8 |  8.7
Dodging        | |  2.1
Stealth        | |  0.7

Action                   |  1- 3 |  4- 6 |  7- 9 || total
-------------------------+-------+-------+-------++-------
 Fire: Shortbow          |   105 |   163 |    77 ||   345
  Use: Scroll            |       |       |     7 ||     7
       Potion            |       |       |     2 ||     2
Armor: Leather armour    |    12 |     6 |       ||    18
       Scale mail        |       |    29 |    39 ||    68
Dodge: Dodged            |    46 |    56 |    42 ||   144
